 Dungeon Crawl Stone Soup version 0.28.0 (webtiles) character file.

Game seed: 13242302367855004762

4329 Minsecho the Fighter (level 10, -14/109 HPs)
             Began as an Ogre Berserker on Feb 15, 2022.
             Was an Elder of Trog.
             Demolished by an orc warrior (31 damage)
             ... in a bailey.
             The game lasted 00:15:04 (6828 turns).

Minsecho the Fighter (Ogre Berserker)               Turns: 6828, Time: 00:15:04

Health: -14/109    AC:  5    Str: 21    XL:     10   Next: 33%
Magic:  10/10      EV: 12    Int:  8    God:    Trog [****..]
Gold:   416        SH:  4    Dex: 12    Spells: 9/9 levels left

rFire   . . .      SeeInvis .   j - +2 club (spect)
rCold   . . .      Faith    .   (no shield)
rNeg    . . .      Spirit   .   f - +0 troll leather armour {Pargi}
rPois   .          Reflect  .   (helmet restricted)
rElec   .          Harm     .   (no cloak)
rCorr   .          Rampage  .   (gloves unavailable)
Will    +....                   (boots unavailable)
Stlth   ++........              (no amulet)
HPRegen 1.08/turn               (no ring)
MPRegen 0.12/turn               (no ring)

@: on berserk cooldown, slowed, very slow
A: large, unfitting armour, tough skin 1, large bone plates 1, weak 1, sturdy
frame 1
a: Renounce Religion, Berserk, Trog's Hand, Brothers in Arms


You were in a bailey.
You worshipped Trog.
Trog was greatly pleased with you.
You visited 1 branch of the dungeon, and saw 7 of its levels.
You also visited: Sewer, Ossuary and Bailey.

You collected 506 gold pieces.
You spent 90 gold pieces at shops.

Inventory:

Hand Weapons
 a - a +0 mace
 j - a +2 spectral club (weapon)
 r - the +3 whip of the Unseen Realm {freeze, rC+ Will+ Int+4}
   (You found it on level 7 of the Dungeon)

   It freezes those it strikes, dealing additional cold damage.
   It can also slow down cold-blooded creatures.
   Int:       It affects your intelligence (+4).
   rC:        It protects you from cold.
   Will:      It increases your willpower.
Missiles
 o - 6 atropa-tipped darts (quivered)
Armour
 b - a +0 animal skin
 f - a +0 troll leather armour (worn) {Pargi}
Jewellery
 A - a ring of ice
Wands
 k - a wand of mindburst (26)
Scrolls
 d - 3 scrolls of fog
 g - 2 scrolls of teleportation {unknown}
 l - a scroll of amnesia {unknown}
 q - a scroll of summoning {unknown}
 u - 2 scrolls of acquirement
 w - a scroll of vulnerability {unknown}
 y - a scroll of enchant weapon
 z - 2 scrolls of noise {unknown}
 B - a scroll of immolation {unknown}
 D - a scroll of enchant armour
 F - a scroll of brand weapon {unknown}
Potions
 c - 4 potions of heal wounds
 e - 5 potions of brilliance
 h - 2 potions of degeneration
 i - 2 potions of magic
 m - 4 potions of mutation
 n - 2 potions of berserk rage
 p - 3 potions of curing
 s - a potion of invisibility {unknown}
 t - 2 potions of cancellation {unknown}
 v - 2 potions of resistance {unknown}
 x - 4 potions of attraction {unknown}
 C - 3 potions of flight {unknown}
 E - 4 potions of might
 G - 3 potions of haste {unknown}


   Skills:
 + Level 9.7 Fighting
 + Level 8.9 Maces & Flails
 + Level 3.3 Armour
 + Level 6.5 Dodging
 + Level 3.0 Stealth
 + Level 2.9 Shields


You had 9 spell levels left.
You didn't know any spells.
Your spell library was empty.

Dungeon Overview and Level Annotations

Branches:
Dungeon (7/15)             Temple (0/1) D:4           Sewer (visited)
Ossuary (visited)          Bailey (1/1)

Altars:
Hepliaklqana
Ru
The Shining One

Shops:
D:5 *   D:7 [


Innate Abilities, Weirdness & Mutations

You are too large for most types of armour.
You have tough skin. (AC +1)
You are partially covered in large bone plates. (SH +4)
You are weak. (Str -2)
Your movements are slightly less encumbered by armour. (ER -2)


Message History

Your two-headed ogre rages.
Your two-headed ogre closely misses the orc warrior.
Your two-headed ogre hits the orc warrior with a +0 giant spiked club!!
The orc warrior dies!
Trog accepts your kill.
You hear a shout!
You feel the effects of Trog's Hand fading.
Your two-headed ogre rages.
An orc knight comes into view. It is wielding a +0 glaive.
The orc knight hits you from afar with a +0 trident!!
Your two-headed ogre hits the orc knight with a +0 giant club!!
Your two-headed ogre hits the orc knight with a +0 giant spiked club!!
An orc warrior comes into view. It is wielding a +0 halberd.
The orc knight hits your two-headed ogre with a +0 trident.
There is a huge open gate, spattered with blood here.
Found 2 scrolls of enchant weapon and a scroll of enchant armour.
Your two-headed ogre hits the orc knight with a +0 giant club!!
The orc knight dies!
Trog accepts your kill.
Your Stealth skill increases to level 3!
Found a scroll of acquirement and 2 scrolls of enchant armour.
Your two-headed ogre closely misses the orc knight.
Your two-headed ogre hits the orc knight with a +0 giant spiked club!!
The orc knight closely misses you.
Things that are here:
a +0 trident; a +0 chain mail
Found 2 scrolls of enchant armour.
Your skin stops crawling.
You feel less strong-willed.
Your two-headed ogre is no longer berserk.
Your two-headed ogre closely misses the orc knight. x2
The orc warrior grunts repeatedly.
The orc warrior hits you from afar with a +0 halberd!!
The orc warrior hits you from afar with a +0 halberd!
You hit the orc knight but do no damage.
The orc knight is heavily wounded.
Your +2 spectral club hits the orc knight.
The orc knight hits you with a +0 glaive!!
* * * LOW HITPOINT WARNING * * *
The orc warrior hits you from afar with a +0 halberd!!
You die...

####### ##########
#######.....###.........
.....#.))....'..........
.....'.)#)...'.......??.
.....'.).)...'.).....???
.....'.)#....'.......???
.....#.......'.)@Oo.....
#######.....###.o(......
####### ##########


You could see an orc knight (strong, ally target), an orc warrior (strong), a
friendly two-headed ogre (summoned, slow) and a friendly +2 spectral club
(summoned).

Vanquished Creatures
  Eustachio (D:6)
  A steam dragon (D:6)
  4 black bears
  An orc warrior (Bailey)
  A sky beast (D:5)
  A hornet zombie (Ossuary)
  Pargi (Sewer)
  2 centaurs (D:6)
  A gnoll sergeant (D:7)
  A bullfrog (D:5)
  A wyvern zombie (Ossuary)
  A scorpion (D:6)
  4 water moccasin zombies (Ossuary)
  A water moccasin skeleton (D:6)
  10 centaur zombies
  9 bullfrog zombies
  4 orc priests
  3 hounds
  3 iguanas
  12 mummies (Ossuary)
  4 orc wizards
  A hound skeleton (D:4)
  A hound zombie (D:5)
  2 howler monkey zombies
  Robin (D:2)
  4 gnolls (D:7)
  9 adders
  A shadow imp (D:5)
  A white imp (D:6)
  2 worms
  2 dart slugs (D:1)
  20 orcs
  5 ball pythons
  6 bats
  8 endoplasms
  4 giant cockroaches
  16 goblins
  12 hobgoblins
  3 jackals
  6 kobolds
  8 quokkas
  6 frilled lizards
  6 rats
190 creatures vanquished.

Vanquished Creatures (collateral kills)
  2 orc knights (Bailey)
  3 orc warriors (Bailey)
  7 orcs (Bailey)
12 creatures vanquished.

Vanquished Creatures (others)
  A plant (D:2)
  3 withered plants (Ossuary)
4 creatures vanquished.

Grand Total: 206 creatures vanquished

Notes
Turn   | Place    | Note
-------+----------+-------------------------------------------
     0 | D:1      | Minsecho the Ogre Berserker began the quest for the Orb.
     0 | D:1      | Reached XP level 1. HP: 24/24 MP: 1/1
   168 | D:1      | Reached XP level 2. HP: 22/32 MP: 2/2
   501 | D:1      | Reached ** piety under Trog
   507 | D:1      | Reached XP level 3. HP: 18/40 MP: 3/3
  1807 | D:2      | Reached XP level 4. HP: 44/49 MP: 4/4
  2229 | D:2      | Found a faded altar of an unknown god.
  2440 | D:2      | Noticed Robin
  2464 | D:2      | Killed Robin
  2465 | D:2      | Reached XP level 5. HP: 5/55 MP: 5/5
  3428 | D:3      | You fall into a shaft and drop 1 floor!
  3430 | D:4      | Noticed a black bear
  3447 | D:4      | Killed a black bear
  3448 | D:4      | Reached skill level 5 in Fighting
  3495 | D:4      | Reached XP level 6. HP: 66/66 MP: 6/6
  3520 | D:4      | Reached *** piety under Trog
  3715 | D:4      | Reached skill level 5 in Maces & Flails
  3917 | D:4      | Reached skill level 1 in Stealth
  4094 | D:4      | Noticed a black bear
  4101 | D:4      | Killed a black bear
  4102 | D:4      | Reached XP level 7. HP: 51/74 MP: 7/7
  4240 | D:4      | Found a staircase to the Ecumenical Temple.
  4312 | D:5      | Entered Level 5 of the Dungeon
  4327 | D:5      | Reached skill level 6 in Fighting
  4337 | D:5      | Found a hazy altar of Hepliaklqana.
  4428 | D:5      | Found a glowing drain.
  4445 | Sewer    | Entered a sewer
  4530 | Sewer    | Noticed Pargi
  4535 | Sewer    | Killed Pargi
  5021 | D:5      | Found Imeczigaa's Assorted Antiques.
  5031 | D:5      | Bought a scroll labelled HAG USEITT for 24 gold pieces
  5083 | D:5      | Reached skill level 1 in Armour
  5083 | D:5      | Reached XP level 8. HP: 67/84 MP: 8/8
  5119 | D:5      | Bought a scroll labelled TIL DEOMESEKKE for 24 gold pieces
  5119 | D:5      | Bought a lumpy white potion for 21 gold pieces
  5119 | D:5      | Bought an emerald potion for 21 gold pieces
  5426 | D:6      | Reached skill level 7 in Fighting
  5642 | D:6      | Gained mutation: You are weak. (Str -2) [potion of
                  | mutation]
  5642 | D:6      | Gained mutation: You are partially covered in large bone
                  | plates. (SH +4) [potion of mutation]
  5642 | D:6      | Gained mutation: Your movements are slightly less
                  | encumbered by armour. (ER -2) [potion of mutation]
  5650 | D:6      | Reached **** piety under Trog
  5677 | D:6      | Noticed Eustachio
  5697 | D:6      | Killed Eustachio
  5698 | D:6      | Reached skill level 5 in Dodging
  5698 | D:6      | Reached XP level 9. HP: 61/94 MP: 9/9
  5939 | D:6      | Reached skill level 8 in Fighting
  5970 | D:6      | Found a sacrificial altar of Ru.
  5970 | D:6      | Found a glowing golden altar of the Shining One.
  6133 | D:7      | Found a sand-covered staircase.
  6141 | D:7      | Identified the +3 whip of the Unseen Realm {freeze, rC+
                  | Will+ Int+4}
  6156 | Ossuary  | Entered an ossuary
  6249 | Ossuary  | Reached skill level 1 in Shields
  6403 | Ossuary  | Reached ***** piety under Trog
  6404 | Ossuary  | Reached skill level 9 in Fighting
  6582 | D:7      | Found Ukkasas's Armour Shop.
  6606 | D:7      | Found a flagged portal.
  6624 | Bailey   | Entered a bailey
  6743 | Bailey   | Reached XP level 10. HP: 95/107 MP: 10/10
  6802 | Bailey   | Noticed an orc knight
  6813 | Bailey   | Killed an orc knight
  6821 | Bailey   | Noticed an orc knight
  6824 | Bailey   | Noticed an orc knight
  6825 | Bailey   | Killed an orc knight
  6828 | Bailey   | Demolished by an orc warrior

Illustrated notes

Levels and vault maps discovered:
D:1:      psy_arrival_radial01, layout_loops_ring, minmay_vboxes
D:2:      layout_loops_cross, serial_forest, infiniplex_forest_lined_3,
          infiniplex_forest_corner_2, infiniplex_forest_lined_corner,
          infiniplex_forest_clump_cross, infiniplex_forest_split,
          infiniplex_forest_clump_large, infiniplex_forest_straight_3,
          infiniplex_forest_side_room, infiniplex_forest_clump_large,
          shapermc_ecumenical_altar_hornbeckon, minmay_liquid_box, uniq_robin
D:3:      layout_rooms, ebering_ghost_gozag, minmay_strange_pillars,
          minivault_23
D:4:      layout_rooms, minmay_temple_entry_hall, nrook_campfire,
          minmay_circle_x
D:5:      layout_rooms, nicolae_overflow_hidden_temple, portal_sewer_entry_d,
          serial_shops, nicolae_shop_advertising_works
          [nicolae_subvault_shop_adworks]
D:6:      layout_rooms, gammafunk_temple_overflow_wave, serial_rivers,
          chequers_serial_rivers_micro_c, chequers_serial_rivers_micro_a,
          chequers_serial_rivers_large_a, chequers_serial_rivers_micro_c,
          chequers_serial_rivers_micro_b, chequers_serial_rivers_micro_a,
          st_stairs_10, chequers_serial_rivers_marsh, uniq_eustachio
D:7:      layout_basic, enter_bailey_4, serial_shops, shop,
          chequers_ossuary_entry_cave, minmay_fractal_squares_diagonal_5,
          uniq_menkaure
Bailey:   bailey_polearm_5, bailey

Skill      XL: |  1  2  3  4  5  6  7  8  9 10 |
---------------+-------------------------------+-----
Dodging        | 3 4 5 6 |  6.5
Maces & Flails | 3 4 5 6 8 |  8.9
Fighting       | 5 6 7 9 |  9.7
Stealth        | 1 2 3 |  3.0
Armour         | 1 3 |  3.3
Shields        | 2 |  2.9

Action                   |  1- 3 |  4- 6 |  7- 9 | 10-12 || total
-------------------------+-------+-------+-------+-------++-------
Melee: Mace              |   109 |    64 |       |       ||   173
       Punch             |       |     2 |     9 |       ||    11
       Club              |       |    74 |   373 |    11 ||   458
       Whip              |       |       |    13 |       ||    13
Throw: Dart              |       |       |     1 |       ||     1
Invok: Berserk           |       |     2 |     1 |     1 ||     4
       Trog's Hand       |       |       |     1 |     1 ||     2
       Brothers in Arms  |       |       |     1 |     1 ||     2
Evoke: Wand              |       |       |       |     1 ||     1
  Use: Scroll            |       |       |    10 |       ||    10
       Potion            |       |       |     1 |       ||     1
 Stab: Sleeping          |     1 |     1 |     3 |       ||     5
       Distracted        |     1 |     1 |     3 |       ||     5
Armor: Animal skin       |    35 |    33 |     9 |       ||    77
       Troll leather arm |       |       |   125 |     1 ||   126
Dodge: Dodged            |    53 |    64 |   248 |    10 ||   375
Block: Other             |       |       |    44 |     7 ||    51
